 Dungeon Crawl Stone Soup version 0.20.0-10-g0535bb4 (webtiles) character file.

200 Gorglomux the Firebug (level 5, 21/21 HPs)
             Began as a Felid Fire Elementalist on June 4, 2017.
             Quit the game on level 3 of the Dungeon.
             The game lasted 00:07:19 (3667 turns).

Gorglomux the Firebug (Felid Fire Elementalist)     Turns: 3667, Time: 00:07:20

Health: 21/21      AC:  2    Str:  4    XL:     5   Next: 49%
Magic:  12/12      EV: 18    Int: 18    God:
Gold:   77         SH:  0    Dex: 17    Spells: 4/12 levels left
                                        Lives:  0   Deaths: 1

rFire    . . .     SeeInvis +   (weapon unavailable)
rCold    . . .     Gourm    .   (shield unavailable)
rNeg     . . .     Faith    .   (armour unavailable)
rPois    .         Spirit   .   (helmet unavailable)
rElec    .         Reflect  .   (cloak unavailable)
rCorr    .         Harm     .   (gloves unavailable)
MR       .....                  (boots unavailable)
Stlth    +++.......             (no amulet)
Regen    0.1/turn               (no ring)
MPRegen  0.2/turn               (no ring)

@: quick
A: no armour, no weapons or thrown items, stealth, claws 1, fangs 3, see
invisible, carnivore 3, speed 1, shaggy fur 2, slow metabolism 1, sharp paws
a: no special abilities


You were on level 3 of the Dungeon.
You were not hungry.

You visited 1 branch of the dungeon, and saw 3 of its levels.

You collected 77 gold pieces.

Inventory:

Scrolls
 B - 2 scrolls of remove curse {unknown}
 E - a scroll of fog {unknown}
 T - a scroll of teleportation
 U - a scroll of identify {unknown}
 V - a scroll of fear {unknown}
Books
 a - a book of Flames

   Spells                             Type                      Level
   a - Flame Tongue                   Conjuration/Fire             1
   b - Throw Flame                    Conjuration/Fire             2
   c - Conjure Flame                  Conjuration/Fire             3
   d - Inner Flame                    Hexes/Fire                   3
   e - Sticky Flame                   Conjuration/Fire             4
   f - Fireball                       Conjuration/Fire             5
Comestibles
 z - a meat ration
 F - a royal jelly


   Skills:
 - Level 2.6 Dodging
 - Level 2.6 Stealth
 + Level 4.0 Spellcasting
 + Level 3.6 Conjurations
 + Level 4.3 Fire Magic


You had 4 spell levels left.
You knew the following spells:

 Your Spells              Type           Power        Failure   Level  Hunger
a - Flame Tongue          Conj/Fire      ###..        2%          1    None
b - Sticky Flame          Conj/Fire      ###.....     28%         4    ####...
j - Conjure Flame         Conj/Fire      ###.....     9%          3    ###....


Dungeon Overview and Level Annotations

Branches:
Dungeon (3/15)

Altars:

Annotations:
D:3 Hasart's ghost, amateur BaFi


Innate Abilities, Weirdness & Mutations

You cannot wear armour.
You are incapable of wielding weapons or throwing items.
Your paws allow you to move quietly. (Stealth)
You have sharp claws.
You have razor-sharp teeth.
You have supernaturally acute eyesight. (SInv)
You are carnivorous and can eat meat at any time.
You cover ground quickly.
You are covered in thick fur. (AC +2)
You have a slow metabolism.
Your sharp claws are effective at attacking unaware monsters.


Message History

Unknown command.
Casting: Flame Tongue
Confirm with . or Enter, or press ? or * to list all spells.
Aiming: Flame Tongue
Press: ? - help, Shift-Dir - straight line, f/p - gnoll
Aim: a gnoll, wielding a spear (almost dead)
The flame tongue misses the gnoll.
The flame tongue hits the gnoll.
The gnoll is moderately wounded.
The gnoll closely misses you.
The gnoll hits you from afar with a spear!
You die...
You are now level 5!
You rejoin the land of the living...
Unknown command.
Unknown command.
Saving game... please wait.
Level annotation: Hasart's ghost, amateur BaFi Welcome back, Gorglomux the Felid Fire Elementalist.
Press ? for a list of commands and other information.
Are you sure you want to abandon this character and quit the game? (Confirm with "yes".)

###.#....###.####...........#
............................#
..#.##.#.####.###............
#.#....#.###.........#
#..###.# ...........# #.. #.#
#.....<..# #..
#.####......[.###### #
..#.##..#...#...........#.#
...........@...............#
.............................
...........................
...........................
.>.####....................
... #..........รท......... ..
#.#........<.........
#.#...#.....#.....#..
#...############# .


There were no monsters in sight!

Vanquished Creatures
  Sigmund (D:3)
  Jessica (D:3)
  4 gnolls (D:2)
  7 adders
  An ooze (D:1)
  4 worms
  4 dart slugs
  4 leopard geckos
  An orc (D:3)
  4 giant cockroaches
  11 goblins
  5 hobgoblins
  2 quokkas (D:2)
  A ball python (D:3)
  9 bats
  A frilled lizard (D:3)
  9 kobolds
  7 rats
76 creatures vanquished.

Notes
Turn   | Place    | Note
-------+----------+-------------------------------------------
     0 | D:1      | Gorglomux the Felid Fire Elementalist began the quest for the Orb.
     0 | D:1      | Reached XP level 1. HP: 7/7 MP: 4/4
    23 | D:1      | Reached skill level 1 in Conjurations
   361 | D:1      | Reached XP level 2. HP: 11/11 MP: 3/6
   854 | D:1      | Reached skill level 3 in Fire Magic
   897 | D:1      | Reached XP level 3. HP: 1/14 MP: 1/7
  1031 | D:1      | Learned a level 3 spell: Conjure Flame
  1742 | D:3      | Noticed Hasart's ghost (amateur BaFi)
  2163 | D:2      | Reached XP level 4. HP: 14/18 MP: 0/9
  2487 | D:2      | Learned a level 4 spell: Sticky Flame
  2663 | D:2      | Reached skill level 3 in Spellcasting
  2771 | D:2      | Reached XP level 5. HP: 21/21 MP: 4/10
  3310 | D:3      | Noticed Jessica
  3312 | D:3      | Noticed Sigmund
  3312 | D:3      | Killed Jessica
  3312 | D:3      | Reached skill level 3 in Conjurations
  3497 | D:3      | Killed Sigmund
  3497 | D:3      | Gained mutation: You are covered in thick fur. (AC +2) [Felid growth]
  3497 | D:3      | Reached XP level 6. HP: 15/24 MP: 6/12
  3666 | D:3      | Slain by a gnoll
  3667 | D:3      | Reached XP level 5. HP: -2/21 MP: 5/12
  3667 | D:3      | Quit the game

Skill      XL: |  1  2  3  4  5  6 |
---------------+-------------------+-----
Conjurations   | 1 2 3 |  3.6
Fire Magic     | 3 4 |  4.3
Spellcasting   | 3 4 |  4.0
Dodging        | |  2.6
Stealth        | |  2.6

Action                   |  1- 3 |  4- 6 || total
-------------------------+-------+-------++-------
Melee: Unarmed           |    23 |    28 ||    51
       Bite              |     3 |     1 ||     4
 Cast: Flame Tongue      |    83 |    82 ||   165
       Conjure Flame     |     1 |     1 ||     2
       Sticky Flame      |       |     1 ||     1
  Use: Scroll            |     1 |       ||     1
       Potion            |       |     1 ||     1
 Stab: Sleeping          |     3 |       ||     3
  Eat: Chunk             |    11 |     4 ||    15
Armor: Skin              |    10 |       ||    10
Dodge: Dodged            |    83 |    84 ||   167
